 Dungeon Crawl Stone Soup version 0.26-a0-778-g3fe0686644 (webtiles) character file.

Game seed: 1802713289540595287

11774 marklar909 the Destroyer (level 11, -14/83 HPs)
             Began as a Green Draconian Conjurer on Nov 9, 2020.
             Was an Elder of Sif Muna.
             Demolished by an enormous slime creature (75 damage)
             ... on level 11 of the Dungeon.
             The game lasted 00:31:12 (19764 turns).

marklar909 the Destroyer (DrCj)                    Turns: 19764, Time: 00:31:13

Health: -14/83     AC: 10    Str: 13    XL:     11   Next: 53%
Magic:  6/23       EV: 14    Int: 19    God:    Sif Muna [****..]
Gold:   1087       SH:  0    Dex:  9    Spells: 5/26 levels left

rFire    . . .     SeeInvis .     - Unarmed
rCold    . . .     Faith    .   (no shield)
rNeg     + . .     Spirit   .   (armour unavailable)
rPois    +         Reflect  .   (helmet restricted)
rElec    .         Harm     .   v - +0 cloak
rCorr    .         Rampage  .   (no gloves)
MR       .....                  o - +1 pair of boots
Stlth    +++.......             (no amulet)
HPRegen  0.23/turn              e - ring of wizardry
MPRegen  0.18/turn              n - ring of positive energy

@: no status effects
A: breathe noxious fumes, unfitting armour, poison resistance, cold-blooded, AC
+7
a: Breathe Noxious Fumes, Channel Magic, Forget Spell, Divine Exegesis, Renounce
Religion


You were on level 11 of the Dungeon.
You worshipped Sif Muna.
Sif Muna was greatly pleased with you.
You visited 1 branch of the dungeon, and saw 11 of its levels.

You collected 1087 gold pieces.

Inventory:

Missiles
 b - 25 poisoned darts (quivered)
Armour
 o - a +1 pair of boots (worn)
 v - a +0 cloak (worn)
Jewellery
 e - a ring of wizardry (left hand)
 n - a ring of positive energy (right hand)
 F - an uncursed ring of fire {unknown}
 H - a +6 ring of dexterity
Wands
 s - a wand of acid (4)
 w - a wand of iceblast (3)
 x - a wand of flame (14)
Scrolls
 a - 7 scrolls of teleportation
 c - 9 scrolls of identify
 d - a scroll of amnesia
 f - 7 scrolls of remove curse
 g - 4 scrolls of enchant weapon
 r - a scroll of blinking
 t - 2 scrolls of magic mapping
 y - 2 scrolls of fog
 z - a scroll of fear {unknown}
 B - a scroll of immolation
 G - a scroll of brand weapon {unknown}
 J - a scroll of summoning {unknown}
Potions
 h - 2 potions of haste
 i - 3 potions of attraction {unknown}
 j - 5 potions of curing
 k - 2 potions of magic {unknown}
 l - 6 potions of heal wounds
 m - 2 potions of flight
 p - a potion of invisibility {unknown}
 q - 3 potions of ambrosia {unknown}
 u - 3 potions of lignification {unknown}
 A - a potion of resistance
 C - a potion of degeneration {unknown}
 D - 3 potions of might {unknown}
 I - a potion of brilliance {unknown}
Miscellaneous
 E - a condenser vane (inert)


   Skills:
 + Level 3.8 Fighting
 + Level 6.2 Dodging
 + Level 5.8 Stealth
 + Level 6.3 Unarmed Combat
 + Level 8.1 Spellcasting
 + Level 9.1 Conjurations
 + Level 1.1 Hexes
 + Level 1.2 Translocations
 + Level 5.7 Transmutations
 + Level 5.8 Invocations
 + Level 2.0 Evocations


You had 5 spell levels left.
You knew the following spells:

 Your Spells              Type           Power        Failure   Level
a - Blade Hands           Tmut           ####......   10%         5
b - Searing Ray           Conj           #####.       1%          2
c - Dazzling Flash        Conj/Hex       ####..       1%          3
d - Fulminant Prism       Conj/Hex       ####......   4%          4
e - Iskenderun's Mystic   Conj/Tloc      ####....     4%          4
g - Wereblood             Tmut           ####....     1%          2
h - Magic Dart            Conj           ####         1%          1

Your spell library contained the following spells:

 Spells                   Type           Power        Failure   Level
 Beastly Appendage        Tmut           ####..       1%          1
 Static Discharge         Conj/Air       ####....     1%          3
 Corona                   Hex            ##.....      2%          1
 Slow                     Hex            ##......     3%          2
 Spider Form              Tmut/Pois      ###.......   3%          3
 Portal Projectile        Hex/Tloc       ##....       7%          3
 Inner Flame              Hex/Fire       #.......     9%          3
 Ice Form                 Ice/Tmut       ###.....     12%         4
 Cause Fear               Hex            ##........   22%         4
 Leda's Liquefaction      Hex/Erth       #.........   26%         4
 Airstrike                Air            #.........   32%         4
 Summon Ice Beast         Ice/Summ       #.......     32%         4
 Summon Lightning Spire   Summ/Air       #.......     32%         4
 Freezing Cloud           Conj/Ice/Air   ###.......   80%         6
 Chain Lightning          Conj/Air       ####......   100%        8


Dungeon Overview and Level Annotations

Branches:
Dungeon (11/15)            Temple (0/1) D:7            Lair (0/6) D:11
    Orc: D:9-12

Altars:
Cheibriados
Dithmenos
Elyvilon
Okawaru
Sif Muna
Trog
Vehumet
Wu Jian
Xom
Yredelemnul
Zin
The Shining One

Shops:
D:9 (

Annotations:
D:2 Sigmund
D:5 2 runed translucent doors, miscthings's ghost, weakling PaDe
D:10 1 runed translucent door, Gastronok


Innate Abilities, Weirdness & Mutations

You can breathe blasts of noxious fumes.
Your lurid green scales are hard. (AC +7)
You cannot fit into any form of body armour.
Your system is resistant to poisons. (rPois)
You are cold-blooded and may be slowed by cold attacks.


Message History

The searing ray hits the large slime creature!
The large slime creature is heavily wounded.
The searing ray hits the slime creature!
The slime creature is moderately wounded. (Press . to maintain the ray.)
The searing ray misses the large slime creature.
The searing ray hits the slime creature!
The slime creature is heavily wounded.
The searing ray hits the slime creature!
The slime creature is moderately wounded.
The large slime creature hits you!
Two slime creatures merge to form a very large slime creature.
Two slime creatures merge to form an enormous slime creature.
The searing ray hits the enormous slime creature!
The enormous slime creature is moderately wounded.
The searing ray hits the slime creature!
The slime creature is severely wounded.
The enormous slime creature hits you!!!!
Ouch! That really hurt!
You die...

.....
....................
###.#.
#.................. #.#
#.................. #.
#.###...............#..
....................#..
#####.............##..
#JJ.*.........##..
#J#.........^.....
#@###.........####
........# #.........#
..#####.# ####....###
#.# ###### #.# #.# #.#
#.#


You could see an enormous slime creature and 2 slime creatures.

Vanquished Creatures
  Erica (D:10)
  2 two-headed ogres
  An unseen horror (D:10)
  A centaur zombie (D:11)
  A kobold demonologist (D:11)
  Maggie (D:8)
  2 trolls (D:10)
  A meliai (D:11)
  A wyvern (D:11)
  5 yaks (D:11)
  3 wraiths
  2 wargs
  A soldier ant (D:10)
  An acid dragon (D:11)
  7 water moccasins
  2 black bears
  3 eyes of draining
  3 orc warriors
  A sky beast (D:8)
  An ice beast (D:10)
  7 ogres
  A phantom (D:11)
  5 centaurs
  9 bullfrogs
  2 big kobolds
  A wyvern zombie (D:7)
  A scorpion (D:11)
  7 killer bees (D:11)
  16 wights
  4 jellies
  5 orc priests
  3 bullfrog zombies
  6 hounds
  10 orc wizards
  Crazy Yiuf (D:6)
  2 centaur skeletons
  2 bullfrog skeletons (D:4)
  3 iguanas
  8 worker ants
  A killer bee zombie (D:6)
  A hound zombie (D:11)
  A howler monkey zombie (D:6)
  11 gnolls
  17 adders
  2 white imps
  An ufetubus (D:8)
  An ooze (D:6)
  An adder skeleton (D:4)
  3 worms
  3 dart slugs
  6 leopard geckos
  24 orcs
  2 ball pythons (D:4)
  9 bats
  4 giant cockroaches
  34 hobgoblins
  6 jackals
  3 quokkas
  4 frilled lizards
  34 goblins
  7 kobolds
  A leopard gecko zombie (D:6)
  9 rats
318 creatures vanquished.

Vanquished Creatures (others)
  A black bear (D:11)
  9 fulminant prisms
  58 fungi (D:11)
  57 plants (D:11)
125 creatures vanquished.

Grand Total: 443 creatures vanquished

Notes
Turn   | Place    | Note
-------+----------+-------------------------------------------
     0 | D:1      | marklar909 the Draconian Conjurer began the quest for the
                  | Orb.
     0 | D:1      | Reached XP level 1. HP: 14/14 MP: 3/3
   176 | D:1      | Reached XP level 2. HP: 20/20 MP: 3/5
   560 | D:1      | Learned a level 2 spell: Searing Ray
  1121 | D:2      | Found a shimmering blue altar of Sif Muna.
  1142 | D:2      | Reached XP level 3. HP: 14/26 MP: 0/6
  1651 | D:2      | Became a worshipper of Sif Muna the Loreminder
  1927 | D:2      | Noticed Sigmund
  2432 | D:2      | Reached skill level 1 in Unarmed Combat
  2432 | D:2      | Reached skill level 5 in Conjurations
  2432 | D:2      | Reached XP level 4. HP: 34/34 MP: 3/7
  2675 | D:2      | Learned a level 3 spell: Dazzling Flash
  3050 | D:3      | Found a radiant altar of Vehumet.
  3050 | D:3      | Found a snail-covered altar of Cheibriados.
  3052 | D:3      | Found an ornate altar of the Wu Jian Council.
  3052 | D:3      | Found an iron altar of Okawaru.
  3054 | D:3      | Found a basalt altar of Yredelemnul.
  3070 | D:3      | Found a white marble altar of Elyvilon.
  3233 | D:3      | Reached * piety under Sif Muna
  3644 | D:3      | Found a shadowy altar of Dithmenos.
  3942 | D:4      | Reached XP level 5. HP: 39/39 MP: 1/8
  4172 | D:4      | Reached skill level 1 in Fighting
  4172 | D:4      | Reached XP level 6. HP: 45/47 MP: 1/10
  4799 | D:4      | Learned a level 4 spell: Fulminant Prism
  5333 | D:5      | Entered Level 5 of the Dungeon
  5542 | D:5      | Noticed a water moccasin
  5550 | D:5      | Killed a water moccasin
  5550 | D:5      | Reached skill level 6 in Conjurations
  5550 | D:5      | Your scales start taking on a lurid green colour.
  5550 | D:5      | Reached XP level 7. HP: 44/52 MP: 4/12
  5550 | D:5      | Gained mutation: Your system is resistant to poisons.
                  | (rPois) [Green Draconian growth]
  5688 | D:5      | Found a large runed translucent door.
  5688 | D:5      | Found a large runed translucent door.
  5690 | D:5      | Noticed miscthings's ghost (weakling PaDe)
  5754 | D:5      | Reached ** piety under Sif Muna
  6145 | D:5      | Noticed an angel
  7078 | D:5      | Reached *** piety under Sif Muna
  7232 | D:5      | Found a glowing silver altar of Zin.
  7234 | D:5      | Found a shimmering altar of Xom.
  7606 | D:5      | Learned a level 4 spell: Iskenderun's Mystic Blast
  7617 | D:6      | Reached XP level 8. HP: 61/61 MP: 11/14
  8225 | D:6      | Found a glowing golden altar of the Shining One.
  8778 | D:6      | Found a runed translucent door.
  8779 | D:6      | Noticed Crazy Yiuf
  9308 | D:6      | Killed Crazy Yiuf
  9352 | D:7      | Reached skill level 5 in Spellcasting
  9352 | D:7      | Reached skill level 7 in Conjurations
  9352 | D:7      | Reached skill level 1 in Invocations
  9453 | D:7      | Found a staircase to the Ecumenical Temple.
 10532 | D:7      | Reached XP level 9. HP: 68/68 MP: 13/17
 10602 | D:7      | Reached **** piety under Sif Muna
 10894 | D:8      | Noticed Maggie
 10912 | D:8      | Killed Maggie
 12400 | D:9      | Reached skill level 5 in Stealth
 12418 | D:9      | Reached skill level 8 in Conjurations
 12481 | D:8      | Learned a level 1 spell: Beastly Appendage
 12484 | D:8      | Learned a level 2 spell: Wereblood
 12624 | D:9      | Found Sanusop's Antique Weapon Boutique.
 12669 | D:9      | Reached skill level 5 in Dodging
 12969 | D:9      | Found a bloodstained altar of Trog.
 12974 | D:9      | Reached skill level 1 in Transmutations
 13267 | D:10     | Entered Level 10 of the Dungeon
 13338 | D:10     | Noticed a troll
 13479 | D:10     | Reached XP level 10. HP: 74/74 MP: 16/19
 13683 | D:10     | Noticed Erica
 13683 | D:10     | Noticed a two-headed ogre
 13695 | D:10     | Killed a two-headed ogre
 13704 | D:10     | Killed Erica
 13704 | D:10     | Reached skill level 5 in Invocations
 13912 | D:10     | Reached skill level 1 in Evocations
 14333 | D:10     | Found a runed translucent door.
 14335 | D:10     | Noticed a sixfirhy
 14430 | D:10     | Reached skill level 5 in Unarmed Combat
 14435 | D:10     | Killed an unseen horror
 14816 | D:10     | Noticed Gastronok
 15898 | D:11     | Learned a level 5 spell: Blade Hands
 16197 | D:11     | Reached skill level 9 in Conjurations
 16198 | D:11     | Reached XP level 11. HP: 81/81 MP: 0/22
 16201 | D:11     | Noticed a two-headed ogre
 16533 | D:11     | Killed a two-headed ogre
 16533 | D:11     | Reached ***** piety under Sif Muna
 17071 | D:10     | Reached skill level 1 in Hexes
 17071 | D:10     | Reached skill level 5 in Transmutations
 17072 | D:10     | Identified Sif Muna's Papyrus of Congealing Flight (Sif
                  | Muna gifted it to you on level 10 of the Dungeon)
 17072 | D:10     | Received a gift from Sif Muna
 19052 | D:11     | Noticed a four-headed hydra
 19545 | D:11     | Reached skill level 1 in Translocations
 19748 | D:11     | Found a staircase to the Lair.
 19764 | D:11     | Demolished by an enormous slime creature

Illustrated notes

Levels and vault maps discovered:
D:1:      psy_arrival_radial01, layout_basic, serial_bayou_pond_b
D:2:      layout_basic, lemuel_round_altar, minmay_misc_feat_secret_circle,
          uniq_sigmund
D:3:      layout_basic, grunt_temple_overflow_open, overflow_temple_1_default,
          kennysheep_pointless_box
D:4:      layout_basic
D:5:      minmay_goblin_kobold_castle, layout_loops_corners,
          grunt_temple_overflow_order_and_chaos_1, ebering_ghost_disaster_area
D:6:      layout_basic, nicolae_overflow_crystal_walls, uniq_crazy_yiuf_cottage
D:7:      layout_basic, minmay_temple_entry_wispy
D:8:      layout_basic, uniq_maggie
D:9:      layout_rooms, trog_eyes_of_draining, serial_shops, shop
D:10:     cheibrodos_shockbox, layout_stronghold, grunt_ministairs_10,
          kennysheep_generic_room_6, uniq_erica, uniq_gastronok
D:11:     cheibrodos_ideogram_h, layout_basic, due_lair_maze_entry_diamond,
          minmay_orc_entry_guard_dogs

Skill      XL: |  1  2  3  4  5  6  7  8  9 10 11 |
---------------+----------------------------------+-----
Dodging        | 2 3 4 5 6 |  6.2
Stealth        | 2 3 4 5 |  5.8
Unarmed Combat | 1 2 3 5 6 |  6.3
Conjurations   | 5 6 7 8 9 |  9.1
Fighting       | 1 2 3 |  3.8
Spellcasting   | 3 4 5 6 7 8 |  8.1
Invocations    | 2 4 5 |  5.8
Transmutations | 2 4 5 |  5.7
Evocations     | 1 2 |  2.0
Hexes          | 1 |  1.1
Translocations | 1 |  1.2

Action                   |  1- 3 |  4- 6 |  7- 9 | 10-12 || total
-------------------------+-------+-------+-------+-------++-------
Melee: Unarmed           |    73 |    12 |   109 |   130 ||   324
       Tailslap          |     3 |     3 |     9 |    10 ||    25
       Punch             |       |       |     4 |     2 ||     6
       Kick              |       |       |       |     4 ||     4
       Headbutt          |       |       |       |     2 ||     2
 Cast: Magic Dart        |    38 |    46 |    11 |     3 ||    98
       Searing Ray       |    15 |    29 |   105 |    57 ||   206
       Dazzling Flash    |       |       |     5 |       ||     5
       Iskenderun's Myst |       |       |     4 |     4 ||     8
       Fulminant Prism   |       |       |     2 |     7 ||     9
       Beastly Appendage |       |       |       |     2 ||     2
       Wereblood         |       |       |       |     1 ||     1
       Blade Hands       |       |       |       |    19 ||    19
 Abil: Breathe Noxious F |       |       |    22 |    18 ||    40
Evoke: Wand              |       |       |     2 |    10 ||    12
       Condenser vane    |       |       |       |     1 ||     1
  Use: Scroll            |       |     6 |     4 |     3 ||    13
       Potion            |       |     3 |       |     1 ||     4
 Stab: Invisible         |       |       |     1 |       ||     1
       Confused          |       |       |     2 |     2 ||     4
       Sleeping          |       |       |       |     1 ||     1
Armor: Skin              |    48 |    24 |    53 |    91 ||   216
Dodge: Dodged            |    92 |    38 |   156 |   226 ||   512

Table legend: (Time is in decaauts)
 A = Elapsed time spent in this place.
 B = Non-inter-level travel time spent in this place.
 C = Inter-level travel time spent in this place.
 D = Time resting spent in this place.
 E = Time spent auto-exploring this place.
 F = Levels seen in this place.
 G = Mean time per level.
                   A        B        C        D        E       F      G
               +--------+--------+--------+--------+--------+-----+--------+
         Total |  19801 |  19101 |    700 |   5117 |  11625 |  11 | 1800.1 |
       Dungeon |  19801 |  19101 |    700 |   5117 |  11625 |  11 | 1800.1 |
               +--------+--------+--------+--------+--------+-----+--------+

Top non-repeatable levels by time:
    D:10: 4132 daAuts
     D:5: 2707 daAuts
    D:11: 1878 daAuts
     D:6: 1661 daAuts
     D:1: 1594 daAuts
     D:3: 1590 daAuts
     D:7: 1449 daAuts
     D:9: 1374 daAuts
     D:8: 1261 daAuts
     D:2: 1245 daAuts
     D:4: 904 daAuts
